| TOP OF THE 1ST |
|
Toledo Mud Hens batting - Pitching for Charlotte Knights : RHP Rick Young
|
|
Pitching: RHP Rick Young
|
|
|
Batting: SHB Adam Weber
|
0-0: Ball 1-0: Foul Ball, location: 2F 1-1: Ball 2-1: Ball 3-1: Foul Ball, location: 2F 3-2: Ground out 6-3 (Groundball, 6, EV 98.1 MPH)
|
|
Pitching: RHP Steve Barnett
|
|
|
Batting: RHB J.J. Basil
|
0-0: Ball 1-0: Called Strike 1-1: Ball 2-1: Foul Ball, location: 2F 2-2: Ball 3-2: Foul Ball, location: 2F 3-2: Strikes out looking
|
|
Batting: LHB Conrad Taylor
|
0-0: Ball 1-0: Called Strike 1-1: Ball 2-1: Called Strike 2-2: Fly out, F7 (Flyball, 7S, EV 84.4 MPH)
|
| Top of the 1st over - 0 runs, 0 hits, 0 errors, 0 left on base; Toledo 0 - Charlotte 0 |
| BOTTOM OF THE 1ST |
|
Charlotte Knights batting - Pitching for Toledo Mud Hens : RHP Kevin Hockenbury
|
|
Pitching: RHP Kevin Hockenbury
|
|
|
Batting: LHB Dustin Taylor
|
0-0: Ball 1-0: Ball 2-0: Ball 3-0: Called Strike 3-1: Swinging Strike 3-2: Foul Ball, location: 2F 3-2: Ground out 6-3 (Groundball, 6, EV 105.6 MPH)
|
|
Batting: RHB Brad Boals
|
0-0: Ball 1-0: Called Strike 1-1: Called Strike 1-2: Ball 2-2: DOUBLE (Flyball, 8LXD, EV 97.5 MPH)
|
|
Batting: LHB John Thurman
|
0-0: Ball 1-0: Called Strike 1-1: Swinging Strike 1-2: Ball 2-2: Fly out, F7 (Flyball, 7, EV 91.2 MPH)
|
|
Batting: LHB Angel Tellez
|
0-0: Ball 1-0: Swinging Strike 1-1: Swinging Strike 1-2: Foul Ball, location: 2F 1-2: Strikes out looking
|
| Bottom of the 1st over - 0 runs, 1 hit, 0 errors, 1 left on base; Toledo 0 - Charlotte 0 |
| TOP OF THE 2ND |
|
Toledo Mud Hens batting - Pitching for Charlotte Knights : RHP Steve Barnett
|
|
Pitching: RHP Drew Tollefsen
|
|
|
Batting: LHB Tyler Davis
|
0-0: Ball 1-0: Called Strike 1-1: Ball 2-1: Ball 3-1: Called Strike 3-2: Ground out U3 (Groundball, 3L, EV 80.6 MPH)
|
|
Batting: SHB Andy Vivas
|
0-0: Called Strike 0-1: Swinging Strike 0-2: Ball 1-2: Strikes out swinging
|
|
Batting: LHB Frank McConnell
|
0-0: Ball 1-0: SINGLE (Groundball, 4M, EV 105.0 MPH)
|
|
Batting: SHB Ross Holland
|
0-0: Ball 1-0: Ball Frank McConnell is caught stealing 2nd base 2-6
|
| Top of the 2nd over - 0 runs, 1 hit, 0 errors, 0 left on base; Toledo 0 - Charlotte 0 |
| BOTTOM OF THE 2ND |
|
Charlotte Knights batting - Pitching for Toledo Mud Hens : RHP Kevin Hockenbury
|
|
Batting: LHB Matt Hyde
|
0-0: Ball 1-0: Ball 2-0: Foul Ball, location: 2F 2-1: Ball 3-1: Called Strike 3-2: Base on Balls
|
|
Batting: RHB Micah Brown
|
0-0: Ball 1-0: Ground out 5-3 (Groundball, 5S, EV 65.6 MPH) Matt Hyde to second
|
|
Batting: RHB Mike Warzecha
|
0-0: Foul Ball, location: 2F 0-1: Ball 1-1: Ground out 5-3 (Groundball, 5L, EV 108.8 MPH)
|
|
Batting: RHB Jose Medina
|
0-0: Ball 1-0: Ball 2-0: Called Strike 2-1: Ball 3-1: Foul Ball, location: 2F 3-2: Foul Ball, location: 2F 3-2: SINGLE (Groundball, 5D, EV 99.4 MPH) Matt Hyde to third Runner from 3rd tries for Home, SAFE, throw by LF to home
|
|
Batting: RHB John DeVillier
|
0-0: Called Strike Jose Medina steals 2nd base 0-1: Ground out 6-3 (Groundball, 6M, EV 76.2 MPH)
|
| Bottom of the 2nd over - 1 run, 1 hit, 0 errors, 1 left on base; Toledo 0 - Charlotte 1 |
| TOP OF THE 3RD |
|
Toledo Mud Hens batting - Pitching for Charlotte Knights : RHP Drew Tollefsen
|
|
Batting: SHB Ross Holland
|
0-0: Ball 1-0: Called Strike 1-1: Ball 2-1: Fly out, F8 (Flyball, 78M, EV 83.8 MPH)
|
|
Batting: RHB Joel Miller
|
0-0: Ground out 1-3 (Groundball, 13S, EV 70.0 MPH)
|
|
Batting: RHB Keith Hoffman
|
0-0: Swinging Strike 0-1: Ball 1-1: Fly out, F7 (Flyball, 7S, EV 86.9 MPH)
|
| Top of the 3rd over - 0 runs, 0 hits, 0 errors, 0 left on base; Toledo 0 - Charlotte 1 |
| BOTTOM OF THE 3RD |
|
Charlotte Knights batting - Pitching for Toledo Mud Hens : RHP Kevin Hockenbury
|
|
Batting: LHB Dustin Taylor
|
0-0: Ball 1-0: Ball 2-0: Ball 3-0: Base on Balls
|
|
Batting: RHB Brad Boals
|
0-0: Swinging Strike 0-1: Called Strike 0-2: Fly out, F6 (Line Drive, 6, EV 70.6 MPH)
|
|
Batting: LHB John Thurman
|
0-0: Called Strike 0-1: Fielders Choice at 2nd, 1-6 (Groundball, 13, EV 73.8 MPH)
|
|
Batting: LHB Angel Tellez
|
0-0: Called Strike 0-1: Ball 1-1: Ball 2-1: Called Strike 2-2: Ground out 5-3 (Groundball, 56, EV 83.1 MPH)
|
| Bottom of the 3rd over - 0 runs, 0 hits, 0 errors, 1 left on base; Toledo 0 - Charlotte 1 |
| TOP OF THE 4TH |
|
Toledo Mud Hens batting - Pitching for Charlotte Knights : RHP Drew Tollefsen
|
|
Batting: SHB Adam Weber
|
0-0: Ball 1-0: Ball 2-0: Called Strike 2-1: SINGLE (Line Drive, 7S, EV 103.8 MPH)
|
|
Batting: RHB J.J. Basil
|
0-0: Fielders Choice at 2nd, 5-4 (Groundball, 5L, EV 88.8 MPH)
|
|
Batting: LHB Conrad Taylor
|
0-0: Ball 1-0: Ball J.J. Basil steals 2nd base 2-0: Called Strike 2-1: Foul Ball, location: 2F 2-2: Ground out 3-1 (Groundball, 34, EV 103.8 MPH) J.J. Basil to third
|
|
Batting: LHB Tyler Davis
|
0-0: Ball 1-0: Ball 2-0: Called Strike 2-1: Ground out U3 (Groundball, 34, EV 84.4 MPH)
|
| Top of the 4th over - 0 runs, 1 hit, 0 errors, 1 left on base; Toledo 0 - Charlotte 1 |
| BOTTOM OF THE 4TH |
|
Charlotte Knights batting - Pitching for Toledo Mud Hens : RHP Kevin Hockenbury
|
|
Batting: LHB Matt Hyde
|
0-0: Swinging Strike 0-1: Swinging Strike 0-2: Strikes out swinging
|
|
Batting: RHB Micah Brown
|
0-0: Reached on error, E6 (Groundball, 56, EV 98.1 MPH)
|
|
Batting: RHB Mike Warzecha
|
0-0: Foul Ball, location: 2F 0-1: Ball 1-1: Ball 2-1: Called Strike 2-2: Foul Ball, location: 2F 2-2: SINGLE (Groundball, 56D, EV 108.8 MPH) Micah Brown to second
|
|
Batting: RHB Jose Medina
|
0-0: Swinging Strike 0-1: Ball 1-1: Called Strike 1-2: SINGLE (Groundball, 5D, EV 101.2 MPH) Micah Brown to third Mike Warzecha to second
|
|
Batting: RHB John DeVillier
|
0-0: Called Strike 0-1: Called Strike 0-2: Strikes out looking
|
|
Batting: LHB Dustin Taylor
|
0-0: Ball 1-0: Ball 2-0: DOUBLE (Line Drive, 78M, EV 92.5 MPH) Micah Brown scores Mike Warzecha scores Jose Medina to third Runner from 3rd tries for Home, SAFE, no throw by LF
|
|
Batting: RHB Brad Boals
|
0-0: Ball 1-0: Ball 2-0: Fly out, F8 (Flyball, 8RXD, EV 105.0 MPH)
|
| Bottom of the 4th over - 3 runs, 3 hits, 1 error, 1 left on base; Toledo 0 - Charlotte 4 |
| TOP OF THE 5TH |
|
Toledo Mud Hens batting - Pitching for Charlotte Knights : RHP Drew Tollefsen
|
|
Batting: SHB Andy Vivas
|
0-0: Fly out, F5 (Popup, 56, EV 67.5 MPH)
|
|
Batting: LHB Frank McConnell
|
0-0: DOUBLE (Line Drive, 5D, EV 98.1 MPH)
|
|
Batting: SHB Ross Holland
|
0-0: Ball 1-0: TRIPLE (Line Drive, 78XD, EV 109.4 MPH) Frank McConnell scores
|
|
Batting: RHB Joel Miller
|
0-0: Ball 1-0: Ball 2-0: DOUBLE (Flyball, 8LD, EV 98.8 MPH) Ross Holland scores
|
|
Pitching: LHP Troy Salzer
|
|
|
Batting: RHB Keith Hoffman
|
0-0: Called Strike 0-1: Ball 1-1: Ball 2-1: Ball 3-1: Called Strike 3-2: Foul Ball, location: 2F 3-2: Ground out 3-1 (Groundball, 34, EV 89.4 MPH) Joel Miller to third
|
|
Batting: SHB Adam Weber
|
0-0: Foul Ball, location: 2F 0-1: Swinging Strike 0-2: Strikes out swinging
|
| Top of the 5th over - 2 runs, 3 hits, 0 errors, 1 left on base; Toledo 2 - Charlotte 4 |
| BOTTOM OF THE 5TH |
|
Charlotte Knights batting - Pitching for Toledo Mud Hens : RHP Kevin Hockenbury
|
|
Batting: LHB John Thurman
|
0-0: Foul Ball, location: 2F 0-1: Ball 1-1: Ball 2-1: Ground out U3 (Groundball, 3, EV 87.5 MPH)
|
|
Batting: LHB Angel Tellez
|
0-0: Called Strike 0-1: Swinging Strike 0-2: Ball 1-2: Ball 2-2: Foul Ball, location: 2F 2-2: Fly out, F8 (Flyball, 78M, EV 83.8 MPH)
|
|
Batting: LHB Matt Hyde
|
0-0: Called Strike 0-1: Swinging Strike 0-2: Ball 1-2: SINGLE (Groundball, 34S, EV 68.8 MPH) (infield hit)
|
|
Batting: RHB Micah Brown
|
0-0: Ball 1-0: Called Strike 1-1: Called Strike 1-2: Strikes out swinging
|
| Bottom of the 5th over - 0 runs, 1 hit, 0 errors, 1 left on base; Toledo 2 - Charlotte 4 |
| TOP OF THE 6TH |
|
Toledo Mud Hens batting - Pitching for Charlotte Knights : LHP Troy Salzer
|
|
Batting: RHB J.J. Basil
|
0-0: Ball 1-0: Ground out 5-3 (Groundball, 56, EV 87.5 MPH)
|
|
Batting: LHB Conrad Taylor
|
0-0: Foul Ball, location: 2F 0-1: Swinging Strike 0-2: Ball 1-2: Strikes out looking
|
|
Batting: LHB Tyler Davis
|
0-0: Ground out 5-3 (Groundball, 56, EV 90.6 MPH)
|
| Top of the 6th over - 0 runs, 0 hits, 0 errors, 0 left on base; Toledo 2 - Charlotte 4 |
| BOTTOM OF THE 6TH |
|
Charlotte Knights batting - Pitching for Toledo Mud Hens : RHP Kevin Hockenbury
|
|
Pitching: RHP Jason Mucci
|
|
|
Batting: RHB Mike Warzecha
|
0-0: Called Strike 0-1: Ball 1-1: Ball 2-1: Ground out 3-1 (Groundball, 34, EV 80.6 MPH)
|
|
Batting: RHB Jose Medina
|
0-0: Called Strike 0-1: Ball 1-1: Foul Ball, location: 2F 1-2: Ball 2-2: Strikes out swinging
|
|
Batting: RHB John DeVillier
|
0-0: Ground out 3-1 (Groundball, 13, EV 81.9 MPH)
|
| Bottom of the 6th over - 0 runs, 0 hits, 0 errors, 0 left on base; Toledo 2 - Charlotte 4 |
| TOP OF THE 7TH |
|
Toledo Mud Hens batting - Pitching for Charlotte Knights : LHP Troy Salzer
|
|
Batting: SHB Andy Vivas
|
0-0: Ball 1-0: Ball 2-0: Ball 3-0: SINGLE (Groundball, 4M, EV 99.4 MPH)
|
|
Batting: LHB Frank McConnell
|
0-0: Bunted foul 0-1: Ball 1-1: Bunted foul 1-2: SINGLE (Groundball, 56, EV 108.8 MPH) Andy Vivas to second
|
|
Batting: SHB Ross Holland
|
0-0: Ball 1-0: Ball 2-0: Called Strike 2-1: Fielders Choice at 2nd, 4-6 (Groundball, 4, EV 106.9 MPH) Andy Vivas to third
|
|
Batting: RHB Joel Miller
|
0-0: Ball 1-0: Called Strike 1-1: Ball 2-1: Ball 3-1: Fly out, F9 (Flyball, 89S, EV 90.6 MPH)
|
|
Batting: RHB Keith Hoffman
|
0-0: Fielders Choice at 2nd, 6-4 (Groundball, 6, EV 82.5 MPH)
|
| Top of the 7th over - 0 runs, 2 hits, 0 errors, 2 left on base; Toledo 2 - Charlotte 4 |
| BOTTOM OF THE 7TH |
|
Charlotte Knights batting - Pitching for Toledo Mud Hens : RHP Jason Mucci
|
|
Batting: LHB Dustin Taylor
|
0-0: Ball 1-0: Foul Ball, location: 2F 1-1: Called Strike 1-2: Ball 2-2: Ball 3-2: Strikes out swinging
|
|
Batting: RHB Brad Boals
|
0-0: Ball 1-0: Ball 2-0: Foul Ball, location: 2F 2-1: Foul Ball, location: 2F 2-2: Ball 3-2: Ground out 5-3 (Groundball, 56, EV 84.4 MPH)
|
|
Batting: LHB John Thurman
|
0-0: Called Strike 0-1: Foul Ball, location: 2F 0-2: Ground out 5-3 (Groundball, 56, EV 90.0 MPH)
|
| Bottom of the 7th over - 0 runs, 0 hits, 0 errors, 0 left on base; Toledo 2 - Charlotte 4 |
| TOP OF THE 8TH |
|
Toledo Mud Hens batting - Pitching for Charlotte Knights : LHP Troy Salzer
|
|
Pitching: RHP Craig Potter
|
|
|
Batting: SHB Adam Weber
|
0-0: Ball 1-0: Ball 2-0: Foul Ball, location: 2F 2-1: Ball 3-1: Called Strike 3-2: DOUBLE (Groundball, 3L, EV 105.0 MPH)
|
|
Batting: RHB J.J. Basil
|
0-0: Called Strike 0-1: Ball 1-1: Ball 2-1: SINGLE (Line Drive, 7S, EV 101.2 MPH) Adam Weber to third Runner from 3rd tries for Home, SAFE, throw by LF to home
|
|
Pitching: LHP Jon Zaragoza
|
|
|
Batting: LHB Conrad Taylor
|
0-0: Called Strike 0-1: Swinging Strike 0-2: Strikes out swinging
|
|
Batting: LHB Tyler Davis
|
0-0: SINGLE (Groundball, 4D, EV 95.6 MPH) J.J. Basil to second Runner from 2nd tries for 3rd, SAFE, throw by CF made to third Tyler Davis to second
|
|
Batting: SHB Andy Vivas
|
0-0: Ball 1-0: Foul Ball, location: 2F 1-1: Ball 2-1: Foul Ball, location: 2F 2-2: Foul Ball, location: 2F 2-2: Strikes out swinging
|
|
Pinch Hitting: RHB Brady Jeleniewski
|
0-0: Ball 1-0: Ground out 4-3 (Groundball, 4M, EV 99.4 MPH)
|
| Top of the 8th over - 1 run, 3 hits, 0 errors, 2 left on base; Toledo 3 - Charlotte 4 |
| BOTTOM OF THE 8TH |
|
Charlotte Knights batting - Pitching for Toledo Mud Hens : RHP Jason Mucci
|
|
Now at 2B: Adam Weber
|
|
|
Now at SS: Brady Jeleniewski
|
|
|
Batting: LHB Angel Tellez
|
0-0: Ball 1-0: Ball 2-0: Ball 3-0: Called Strike 3-1: Base on Balls
|
|
Batting: LHB Matt Hyde
|
0-0: Called Strike 0-1: Foul Ball, location: 2F 0-2: Ball 1-2: Ball 2-2: Foul Ball, location: 2F 2-2: Fielders Choice at 2nd, 4-6 (Groundball, 4, EV 83.1 MPH)
|
|
Batting: RHB Micah Brown
|
0-0: Foul Ball, location: 2F 0-1: Foul Ball, location: 2F 0-2: Ball 1-2: Ball 2-2: Strikes out swinging
|
|
Batting: RHB Mike Warzecha
|
0-0: Called Strike 0-1: Ball 1-1: Ground out 4-3 (Groundball, 34S, EV 88.8 MPH)
|
| Bottom of the 8th over - 0 runs, 0 hits, 0 errors, 1 left on base; Toledo 3 - Charlotte 4 |
| TOP OF THE 9TH |
|
Toledo Mud Hens batting - Pitching for Charlotte Knights : LHP Jon Zaragoza
|
|
Now at 2B: Ching-hsia Zhang
|
|
|
Batting: SHB Ross Holland
|
0-0: Ball 1-0: Ground out 5-3 (Groundball, 5, EV 88.1 MPH)
|
|
Batting: RHB Joel Miller
|
0-0: Ball 1-0: Swinging Strike 1-1: Ball 2-1: Foul Ball, location: 2F 2-2: Ball 3-2: Base on Balls
|
|
Batting: RHB Keith Hoffman
|
0-0: Ball 1-0: Ball 2-0: Foul Ball, location: 2F 2-1: Ball 3-1: Foul Ball, location: 2F 3-2: Ground out U3 (Groundball, 3, EV 76.9 MPH) Joel Miller to second
|
|
Batting: SHB Adam Weber
|
0-0: Called Strike 0-1: Swinging Strike 0-2: Strikes out looking
|
| Top of the 9th over - 0 runs, 0 hits, 0 errors, 1 left on base; Toledo 3 - Charlotte 4 |
|